 Dungeon Crawl Stone Soup version 0.24-a0-232-g49d9ff8 (webtiles) character file.

Game seed: 7798675811745694047

3546 xeno23 the Covert (level 10, -1/69 HPs)
             Began as an Octopode Assassin on Apr 4, 2019.
             Was a Follower of Uskayaw.
             Killed by divine providence
             ... invoked by an orc priest
              (12 damage)
             ... on level 9 of the Dungeon.
             The game lasted 00:24:26 (5812 turns).

xeno23 the Covert (Octopode Assassin)               Turns: 5812, Time: 00:24:27

Health: -1/69      AC:  3    Str: 12    XL:     10   Next: 9%
Magic:  12/12      EV: 13    Int: 13    God:    Uskayaw [*.....]
Gold:   318        SH:  0    Dex: 16    Spells: 6/9 levels left

rFire    . . .     SeeInvis .   a - +1 short sword (flame)
rCold    . . .     Gourm    .   (no shield)
rNeg     . . .     Faith    .   (helmet restricted)
rPois    .         Spirit   .   (no amulet)
rElec    .         Reflect  .   (no ring)
rCorr    .         Harm     .   (no ring)
MR       .....                  (no ring)
Stlth    ++++++....             (no ring)
HPRegen  0.61/turn              (no ring)
MPRegen  0.13/turn              (no ring)
                                (no ring)
                                (no ring)

@: very slightly contaminated
A: almost no armour, stealthy swim, amphibious, 8 rings, constrict 8, thin
metallic scales 1, camouflage 1, regeneration 1, gelatinous body 1, subdued
magic 1
a: Stomp, Renounce Religion


You were on level 9 of the Dungeon.
You worshipped Uskayaw.
Uskayaw was noncommittal.
You were not hungry.

You visited 2 branches of the dungeon, and saw 10 of its levels.

You collected 318 gold pieces.

Inventory:

Hand Weapons
 a - a +1 short sword of flaming (weapon)
 s - a +0 blowgun
 t - a +0 antimagic spear
 v - a +0 dagger of freezing
Missiles
 c - 80 poisoned needles
 d - 7 curare-tipped needles
 n - 5 javelins (quivered)
 p - 7 needles of sleeping
Wands
 A - a wand of random effects (16)
 C - a wand of acid (13)
Scrolls
 e - 2 scrolls of remove curse
 g - 4 scrolls of amnesia
 h - a scroll of blinking
 i - a scroll of noise {unknown}
 k - a scroll of enchant weapon {unknown}
 l - a scroll of enchant armour {unknown}
 m - 3 scrolls of teleportation {unknown}
 r - a scroll of identify
 u - a scroll of magic mapping {unknown}
 x - a scroll of fear {unknown}
 y - 2 scrolls of immolation {unknown}
Potions
 b - 2 potions of might
 j - 2 potions of cancellation
 o - a potion of brilliance
 q - a potion of mutation
 w - a potion of flight
 z - a potion of curing
 B - a potion of invisibility
 E - a potion of magic {unknown}
 G - a potion of resistance {unknown}
Comestibles
 f - 12 rations
 F - 4 chunks of flesh


   Skills:
 + Level 6.7 Fighting
 * Level 9.4 Short Blades
 - Level 2.0 Throwing
 - Level 1.0 Dodging
 + Level 10.5 Stealth
 + Level 0.0 Spellcasting
 * Level 4.1 Hexes
 + Level 3.6 Invocations


You had 6 spell levels left.
You knew the following spells:

 Your Spells              Type           Power        Failure   Level  Hunger
a - Confuse               Hex            #.......     14%         3    ####...

Your spell library contained the following spells:

 Spells                   Type           Power        Failure   Level  Hunger
 Confusing Touch          Hex            #.....       4%          1    ##.....
 Gell's Gravitas          Tloc           #.........   63%         3    ####...
 Petrify                  Tmut/Erth      #.......     96%         4    #####..
 Metabolic Englaciation   Hex/Ice        #.........   98%         5    ######.
 Yara's Violent Unravell  Hex/Tmut       #.........   98%         5    ######.


Dungeon Overview and Level Annotations

Branches:
Dungeon (9/15)             Temple (1/1) D:6
   Lair: D:8-11         Orc: D:9-12

Altars:
Ashenzari
Cheibriados
Dithmenos
Elyvilon
Fedhas
Gozag
Kikubaaqudgha
Makhleb
Nemelex Xobeh
Okawaru
Qazlal
Ru
Sif Muna
Trog
Uskayaw
Wu Jian
Yredelemnul
Zin
The Shining One

Shops:
D:7 [


Innate Abilities, Weirdness & Mutations

You cannot wear most types of armour.
You are very stealthy in the water. (Stealth+)
You are amphibious.
You can wear up to eight rings at the same time.
You can use your tentacles to constrict eight enemies at once.
Your skin changes colour to match your surroundings (Stealth+).
Your rubbery body absorbs attacks. (AC +1, EV +1)
You are partially covered in thin metallic scales. (AC +2)
Your natural rate of healing is unusually fast.
Your spells are a little easier to cast, but a little less powerful.


Message History

* * * LOW HITPOINT WARNING * * *
The vampire draws strength from your injuries!
You can now pass through a line of other dancers.
You take 16 damage.
You feel much better.
You constrict the vampire, but do no damage.
The vampire hits you. The vampire bites you!
* * * LOW HITPOINT WARNING * * *
The vampire draws strength from your injuries!
Blink to where?
Press: ? - help, Dir - move target cursor You lose your grip on something.
You are very lightly contaminated with residual magic.
As you read the scroll of blinking, it crumbles to dust.
You can no longer pass through a line of other dancers.
The orc priest shouts!
You hear a shout!
An orc comes into view. It is wielding a +0 mace.
The orc priest invokes the aid of Beogh against you.
Beogh smites you!
You die...

o.o..................##
.....o...# #...V....##
.........# #.......##
......$.......###......##
#.....................##
#...............)...##
#.................##
#...............##
#........@....##
#......)....##
##.........## ##..<<<..##
#########


You could see a vampire and an orc priest.

Vanquished Creatures
  A two-headed ogre (D:9)
  Pikel (D:6)
  Menkaure (D:7)
  A water moccasin (D:8)
  A sky beast (D:6)
  An ice beast (D:9)
  4 ogres
  An orc warrior (D:8)
  3 phantoms
  A centaur (D:5)
  3 bullfrogs
  2 howler monkeys (D:7)
  A crimson imp (D:5)
  A bullfrog zombie (D:8)
  2 orc priests (D:7)
  2 bullfrog skeletons
  3 hounds
  Jessica (D:2)
  2 centaur skeletons
  An iguana (D:8)
  10 worker ants
  A hound zombie (D:5)
  6 adders
  A shadow imp (D:8)
  An adder skeleton (D:4)
  2 worms
  3 dart slugs
  4 leopard geckos
  5 orcs
  2 ball pythons
  A giant cockroach (D:5)
  9 goblins
  11 hobgoblins
  14 jackals
  4 quokkas
  5 bats
  2 frilled lizards
  A jackal skeleton (D:4)
  4 kobolds
  5 rats
124 creatures vanquished.

Notes
Turn   | Place    | Note
-------+----------+-------------------------------------------
     0 | D:1      | xeno23 the Octopode Assassin began the quest for the Orb.
     0 | D:1      | Reached XP level 1. HP: 14/14 MP: 1/1
   208 | D:1      | Reached XP level 2. HP: 19/19 MP: 2/2
   487 | D:1      | Reached XP level 3. HP: 18/25 MP: 3/3
   613 | D:2      | Found a stormy altar of Qazlal.
  1084 | D:2      | Noticed Jessica
  1090 | D:2      | Reached XP level 4. HP: 23/30 MP: 4/4
  1098 | D:2      | Killed Jessica
  1098 | D:2      | Reached skill level 6 in Stealth
  1600 | D:3      | Found a deep blue altar of Sif Muna.
  1600 | D:3      | Found a sacrificial altar of Ru.
  1606 | D:3      | Found an ornate altar of the Wu Jian Council.
  1615 | D:3      | Found a bloodstained altar of Trog.
  1617 | D:3      | Found a faded altar of an unknown god.
  1684 | D:3      | Reached XP level 5. HP: 36/36 MP: 5/5
  2854 | D:5      | Entered Level 5 of the Dungeon
  2861 | D:5      | Reached XP level 6. HP: 28/42 MP: 6/6
  2933 | D:5      | Gained mutation: You are partially covered in thin metallic
                  | scales. (AC +2) [potion of mutation]
  2933 | D:5      | Gained mutation: Your spells are a little easier to cast,
                  | but a little less powerful. [potion of mutation]
  2933 | D:5      | Gained mutation: Your natural rate of healing is unusually
                  | fast. [potion of mutation]
  3071 | D:5      | Reached skill level 7 in Stealth
  3111 | D:5      | Reached skill level 5 in Short Blades
  3158 | D:5      | Reached XP level 7. HP: 48/48 MP: 7/7
  3193 | D:5      | Found a snail-covered altar of Cheibriados.
  3379 | D:6      | Found a staircase to the Ecumenical Temple.
  3396 | Temple   | Entered the Ecumenical Temple
  3444 | Temple   | Became a worshipper of Uskayaw the Reveler
  3481 | D:6      | Reached * piety under Uskayaw
  3522 | D:6      | Found a white marble altar of Elyvilon.
  3791 | D:6      | Reached ** piety under Uskayaw
  3856 | D:6      | Reached *** piety under Uskayaw
  3967 | D:6      | Noticed Pikel
  3990 | D:6      | Killed Pikel
  3990 | D:6      | Reached skill level 5 in Fighting
  3990 | D:6      | Reached skill level 8 in Stealth
  3990 | D:6      | Reached XP level 8. HP: 55/55 MP: 8/8
  4319 | D:7      | Found a blossoming altar of Fedhas.
  4339 | D:7      | Noticed Menkaure
  4384 | D:7      | Killed Menkaure
  4384 | D:7      | Reached skill level 9 in Stealth
  4472 | D:7      | Found Hutifir's Armour Shop.
  4527 | D:7      | Found a sacrificial altar of Ru.
  4711 | D:7      | Reached XP level 9. HP: 62/62 MP: 9/9
  4717 | D:7      | Reached skill level 1 in Invocations
  5073 | D:8      | Learned a level 3 spell: Confuse
  5233 | D:8      | Reached skill level 1 in Hexes
  5328 | D:8      | Noticed a centaur warrior
  5328 | D:8      | Noticed a troll
  5329 | D:8      | Found the +6 arbalest "Damnation" {damnation}
  5329 | D:8      | Identified the ring "Quthishry" {rC+ rN+ MP+9}
  5437 | D:8      | Reached skill level 10 in Stealth
  5619 | D:9      | Noticed a two-headed ogre
  5640 | D:9      | Killed a two-headed ogre
  5640 | D:9      | Reached XP level 10. HP: 69/69 MP: 12/12
  5812 | D:9      | Killed from afar by an orc priest

Levels and vault maps discovered:
D:1:      dpeg_arrival_simpleton_a, layout_basic
D:2:      layout_basic, grunt_qazlal_clouds, uniq_jessica
D:3:      layout_basic, chequers_temple_overflow_minitemple
D:4:      layout_basic, serial_rivers, chequers_serial_rivers_micro_c,
          chequers_serial_rivers_marsh, chequers_serial_rivers_room_b,
          chequers_serial_rivers_small_3, chequers_serial_rivers_small_a,
          chequers_serial_rivers_micro_e, kennysheep_generic_room_3
D:5:      layout_rooms, first_ration, cheibriados_altar_1
D:6:      layout_loops_corners, elyvilon_altar_4,
          minmay_temple_entry_antechambers, minmay_misc_feat_plants, uniq_pikel
D:7:      layout_basic, serial_shops, shop_statue, basic_altar,
          nicolae_ru_awakened_eye, uniq_menkaure
D:8:      minmay_the_grid_triangle_9x9_rhombus_thin
          [minmay_the_grid_triangle_9x9_sparse_checkered,
          minmay_the_grid_triangle_9x9_prize_schism,
          minmay_the_grid_triangle_9x9_steps,
          minmay_the_grid_triangle_9x9_odd_lines], layout_cave_pools,
          nemelex_lonely_heart_becter
D:9:      layout_big_octagon, gammafunk_temple_overflow_forgotten,
          kennysheep_mini_moat, uniq_maurice, uniq_harold
Temple:   cyrus_circular_temple

Skill      XL: |  1  2  3  4  5  6  7  8  9 10 |
---------------+-------------------------------+-----
Short Blades   | 3 4 5 7 8 9 |  9.4
Stealth        | 6 7 8 9 10 | 10.5
Fighting       | 3 4 5 6 |  6.7
Invocations    | 3 |  3.6
Hexes          | 3 4 |  4.1
Throwing       | |  2.0
Dodging        | |  1.0

Action                   |  1- 3 |  4- 6 |  7- 9 | 10-12 || total
-------------------------+-------+-------+-------+-------++-------
Melee: Dagger            |    72 |    40 |       |       ||   112
       Tentacles         |    18 |    20 |    29 |     2 ||    69
       Constrict         |    17 |    23 |    20 |     1 ||    61
       Short sword       |       |    59 |   119 |    16 ||   194
 Fire: Blowgun           |       |     9 |    28 |       ||    37
 Cast: Confuse           |       |       |     1 |       ||     1
  Use: Scroll            |       |     7 |     4 |     1 ||    12
       Potion            |       |     2 |       |     1 ||     3
 Stab: Sleeping          |    10 |    13 |     9 |       ||    32
       Paralysed         |       |       |     3 |     1 ||     4
  Eat: Chunk             |     1 |     6 |     8 |       ||    15
Armor: Skin              |     3 |     6 |    10 |       ||    19
Dodge: Dodged            |    43 |    49 |    41 |     7 ||   140

Table legend:
 A = Non-vault XP
 B = Vault XP
 C = Vault XP percentage of total XP
 D = Non-vault monster count
 E = Vault monster count
 F = Vault count percentage of total count
                 A         B        C        D         E       F
            +---------+---------+-------+---------+---------+-------
      Total |    3958 |    1109 |  21.9 |     116 |       8 |   6.5
            +---------+---------+-------+---------+---------+-------
        D:1 |      36 |       0 |   0.0 |      19 |       0 |   0.0
        D:2 |      73 |      37 |  33.6 |      24 |       1 |   4.0
        D:3 |      61 |       0 |   0.0 |      14 |       0 |   0.0
        D:4 |     105 |       2 |   1.9 |      11 |       1 |   8.3
        D:5 |     441 |       0 |   0.0 |      11 |       0 |   0.0
        D:6 |     428 |     607 |  58.6 |      12 |       1 |   7.7
        D:7 |     600 |     157 |  20.7 |      10 |       1 |   9.1
        D:8 |    1055 |     306 |  22.5 |      11 |       4 |  26.7
        D:9 |    1159 |       0 |   0.0 |       4 |       0 |   0.0
            +---------+---------+-------+---------+---------+-------
